 Dungeon Crawl Stone Soup version 0.17-b1-15-g0f5fb43 (webtiles) character file.

9483 Eucla the Basher (level 11, -8/72 HPs)
             Began as a Gargoyle Fighter on Nov 7, 2015.
             Was a Believer of Ru.
             Splashed by an oklob plant's acid (14 damage)
             ... on level 11 of the Dungeon.
             The game lasted 00:18:01 (8710 turns).

Eucla the Basher (Gargoyle Fighter)                 Turns: 8710, Time: 00:18:01

Health: -8/72      AC: 18    Str: 24    XL:     11   Next: 47%
Magic:  11/11      EV:  3    Int: 15    God:    Ru [**....]
Gold:   720        SH: 10    Dex: 12    Spells: 0 memorised, 10 levels left

rFire  . . .     SeeInvis .     Z - +2 whip (elec)
rCold  . . .     Clarity  .     r - +0 chain mail
rNeg   + . .     SustAt   .     c - +0 shield
rPois  ∞         Gourm    .     T - +1 helmet
rElec  +         Spirit   .     (no cloak)
rCorr  .         Warding  .     D - +1 pair of gloves "Hoheurph" {Regen+ Stlth+}
rMut   .         Stasis   .     g - +1 pair of boots
MR     .....                    a - amulet of faith
Stlth  ..........               m - +5 ring of intelligence
                                (no ring)

@: mighty, corroded equipment, not resistant to hostile enchantments, extremely
unstealthy
A: negative energy resistance 1, electricity resistance, unbreathing,
petrification resistance, rot immunity, hated by all, slow reflexes 1, disrupted
magic 1, AC +7
a: Renounce Religion


You were on level 11 of the Dungeon.
You worshipped Ru.
Ru was pleased with you.
You were not hungry.

You visited 2 branches of the dungeon, and saw 12 of its levels.

You collected 720 gold pieces.

Inventory:

Hand Weapons
 Z - a +2 whip of electrocution (weapon)
Armour
 c - a +0 shield (worn)
 g - a +1 pair of boots (worn)
 r - a +0 chain mail (worn)
 D - the +1 pair of gloves "Hoheurph" (worn) {Regen+ Stlth+}
   (You found it on level 4 of the Dungeon)

   It increases your rate of regeneration.
   It makes you more stealthy.
 T - a +1 helmet (worn)
Jewellery
 a - an amulet of faith (around neck)
 h - an uncursed amulet of resist corrosion
 l - an uncursed amulet of regeneration
 m - a +5 ring of intelligence (right hand)
 q - an uncursed ring of ice
Wands
 n - a wand of digging (10)
 y - a wand of cold (10)
 K - a wand of fire (7)
Scrolls
 b - 4 scrolls of fog
 i - a scroll of teleportation
 j - 2 scrolls of recharging
 k - 3 scrolls of remove curse
 o - a scroll of acquirement {unknown}
 s - a scroll of identify
 u - 3 scrolls of enchant weapon
Potions
 d - a potion of might
 f - 5 potions of curing
 v - a potion of heal wounds {unknown}
 B - 2 potions of haste {unknown}
 C - 2 potions of magic {unknown}
 G - a potion of agility {unknown}
 H - 3 potions of mutation {unknown}
 J - a potion of lignification {unknown}
 L - a potion of resistance {unknown}
 R - a potion of ambrosia {unknown}
 S - a potion of poison {unknown}
 U - a potion of cancellation {unknown}
Comestibles
 e - 10 bread rations
 p - 10 slices of pizza
 A - 3 meat rations


   Skills:
 + Level 10.1 Fighting
 + Level 12.2 Maces & Flails
 + Level 10.2 Armour
 + Level 4.2 Shields


You had 10 spell levels left.
You didn't know any spells.

Dungeon Overview and Level Annotations

Branches:
Dungeon (11/15)            Temple (1/1) D:4            Lair (0/8) D:11
    Orc (0/4) D:9

Altars:
Ashenzari
Cheibriados
Dithmenos
Elyvilon
Fedhas
Gozag
Kikubaaqudgha
Makhleb
Nemelex Xobeh
Okawaru
Qazlal
Ru
Sif Muna
Trog
Vehumet
Xom
Yredelemnul
Zin
The Shining One

Shops:
D:7 *

Annotations:
D:11 exclusion: oklob plant


Innate Abilities, Weirdness & Mutations

You are resistant to torment.
Your stone body is resilient (AC +7).
You are immune to poison.
You resist negative energy.
You are resistant to electric shocks.
You can survive without breathing.
You are immune to petrification.
You are immune to rotting.
You are hated by all.
You have somewhat slow reflexes. (-3 EV)
Your casting is slightly disrupted.


Message History

You feel better.
Drink which item? (? for menu, Esc to quit)
You feel better. The oklob plant spits acid at you.
You block the splash of acid. The acid corrodes you!
Drink which item? (? for menu, Esc to quit)
You feel better.
Drink which item? (? for menu, Esc to quit)
You feel very mighty all of a sudden.
You hit the oklob plant but do no damage.
The oklob plant is heavily damaged.
The oklob plant spits acid at you. The splash of acid hits you!
The acid corrodes you!
The acid burns!
* * * LOW HITPOINT WARNING * * *
Unknown command.
The oklob plant spits acid at you. The splash of acid hits you!
* * * LOW HITPOINT WARNING * * *
The acid burns!
You die...

..# .#### # ..# .....
.#..# ####.. #%.. ....
...... .##...##...#
##### .#...PPPP..#.# #
#..#..PP>PP..#.# ###
..#...PPP...#.#
..###....##..P##@..#
..........#...#....#
..####..#.......#..#
.........#######...#
...##...##...)##...###
##.###.##.)##........#
#..##...)####.......#
##...##...###.......#
###.##.#....^......#


You could see an oklob plant.

Vanquished Creatures
  An unseen horror (D:11)
  The ghost of tetracat the Martial Artist, a novice OpMo of Gozag (D:6)
  Pikel (D:3)
  A hill giant (D:10)
  Joseph (D:9)
  Psyche (D:8)
  Grinder (D:3)
  A wyvern (D:6)
  4 yaks
  Eustachio (D:5)
  A human (D:7)
  A hog (D:7)
  Menkaure (D:4)
  The ghost of tetracat the Insei, an amateur OpMo (D:4)
  A water moccasin (D:8)
  The ghost of tijit the Magician, an amateur HEWz (D:3)
  4 ice beasts
  A necrophage (D:5)
  An orc warrior (D:9)
  3 black bears
  A sky beast (D:10)
  A slave (D:3)
  5 centaurs
  9 ogres
  3 phantoms
  A big kobold (D:8)
  2 giant frogs
  A gnoll sergeant (D:9)
  5 killer bees (D:9)
  4 scorpions
  4 wights (D:6)
  A giant frog zombie (D:10)
  6 crimson imps
  2 centaur zombies
  A jelly (D:10)
  4 orc priests
  5 hounds
  4 iguanas
  6 orc wizards
  3 giant frog skeletons
  A gnoll shaman (D:3)
  4 worker ants
  2 sheep (D:7)
  A hound zombie (D:5)
  10 adders
  25 gnolls
  A shadow imp (D:10)
  2 oozes
  An adder skeleton (D:9)
  5 worms
  7 giant geckos
  28 orcs
  6 giant cockroaches
  8 goblins
  8 hobgoblins
  21 jackals
  2 quokkas
  A ball python (D:3)
  4 bats
  A giant gecko skeleton (D:4)
  10 giant newts
  A jackal skeleton (D:5)
  13 kobolds
  8 rats
  A butterfly (D:5)
267 creatures vanquished.

Vanquished Creatures (others)
  A yak (D:10)
  A giant frog skeleton (D:8)
  A gnoll (D:3)
3 creatures vanquished.

Grand Total: 270 creatures vanquished

Notes
Turn   | Place    | Note
--------------------------------------------------------------
     0 | D:1      | Eucla the Gargoyle Fighter began the quest for the Orb.
     0 | D:1      | Reached XP level 1. HP: 14/14 MP: 1/1
   153 | D:1      | Reached XP level 2. HP: 19/19 MP: 2/2
   557 | D:2      | Reached XP level 3. HP: 22/24 MP: 3/3
   716 | D:2      | Reached XP level 4. HP: 29/29 MP: 4/4
   831 | D:2      | Reached skill level 4 in Fighting
  1321 | D:2      | Reached XP level 5. HP: 33/33 MP: 5/5
  1446 | D:3      | Noticed Grinder
  1488 | D:3      | Noticed tijit's ghost (amateur HEWz)
  1491 | D:3      | Paralysed by Grinder for 4 turns
  1496 | D:3      | Killed Grinder
  1496 | D:3      | Reached skill level 5 in Armour
  1496 | D:3      | Reached XP level 6. HP: 40/40 MP: 6/6
  1682 | D:3      | Killed tijit's ghost
  1682 | D:3      | Reached skill level 5 in Fighting
  1682 | D:3      | Reached skill level 5 in Maces & Flails
  1682 | D:3      | Reached XP level 7. HP: 40/44 MP: 7/7
  1766 | D:3      | Found a bloodstained altar of Trog.
  1766 | D:3      | Found a deep blue altar of Sif Muna.
  1768 | D:3      | Found a sparkling altar of Nemelex Xobeh.
  2182 | D:4      | Noticed Pikel
  2233 | D:3      | Killed Pikel
  2233 | D:3      | Reached skill level 6 in Fighting
  2233 | D:3      | Reached XP level 8. HP: 33/51 MP: 8/8
  2470 | D:4      | Reached skill level 7 in Maces & Flails
  2606 | D:4      | Noticed Menkaure
  2628 | D:4      | Killed Menkaure
  2853 | D:4      | Found a burning altar of Makhleb.
  2870 | D:4      | Noticed tetracat's ghost (amateur OpMo)
  2883 | D:4      | Killed tetracat's ghost
  2947 | D:4      | Found a staircase to the Ecumenical Temple.
  2961 | Temple   | Entered the Ecumenical Temple
  3095 | Temple   | Became a worshipper of Ru the Awakened
  3125 | D:4      | Got a pair of steaming gloves
  3131 | D:4      | Identified the +1 pair of gloves "Hoheurph" {Regen+ Stlth+} (You found it on level 4 of the Dungeon)
  3283 | D:5      | Entered Level 5 of the Dungeon
  3312 | D:5      | Reached skill level 8 in Maces & Flails
  3312 | D:5      | Reached XP level 9. HP: 52/56 MP: 9/9
  3600 | D:5      | Found a shattered altar of Ashenzari.
  3942 | D:5      | Found a deep blue altar of Sif Muna.
  4079 | D:5      | Noticed Eustachio
  4122 | D:5      | Killed Eustachio
  4286 | D:5      | Got a warped trident
  4287 | D:5      | Identified the +1 trident "Ludaehext" {pierce, rF++ rC- Str+3 Stlth+} (You found it on level 5 of the Dungeon)
  4444 | D:6      | Reached skill level 9 in Maces & Flails
  4503 | D:6      | Gained mutation: You are hated by all. [Ru sacrifice]
  4503 | D:6      | Reached * piety under Ru
  4704 | D:6      | Noticed tetracat's ghost (novice OpMo)
  4747 | D:6      | Killed tetracat's ghost
  4747 | D:6      | Reached skill level 10 in Maces & Flails
  4747 | D:6      | Reached XP level 10. HP: 64/64 MP: 10/10
  5352 | D:7      | Found Pioxang's General Store.
  6290 | D:8      | Noticed Psyche
  6494 | D:8      | Gained mutation: Your casting is slightly disrupted. [Ru sacrifice]
  6676 | D:8      | Killed Psyche
  6676 | D:8      | Reached skill level 11 in Maces & Flails
  6928 | D:9      | Noticed Joseph
  6960 | D:9      | Killed Joseph
  7229 | D:9      | Got a polished spear
  7230 | D:9      | Identified the +9 spear of Rubbish {pierce, *Confuse +Fly rN+} (You found it on level 9 of the Dungeon)
  7257 | D:9      | Found an opulent altar of Gozag.
  7258 | D:9      | Found a glowing silver altar of Zin.
  7324 | D:9      | Found a staircase to the Orcish Mines.
  7432 | D:9      | Reached XP level 11. HP: 64/71 MP: 11/11
  7589 | D:9      | Found a bloodstained altar of Trog.
  7767 | D:10     | Entered Level 10 of the Dungeon
  7809 | D:10     | Noticed a hill giant
  7820 | D:10     | Killed a hill giant
  7820 | D:10     | Reached skill level 12 in Maces & Flails
  8004 | D:10     | Reached skill level 10 in Armour
  8447 | D:10     | Reached skill level 10 in Fighting
  8589 | D:11     | Killed an unseen horror
  8664 | D:11     | Gained mutation: You have somewhat slow reflexes. (-3 EV) [Ru sacrifice]
  8664 | D:11     | Reached ** piety under Ru
  8695 | D:11     | Found a staircase to the Lair.
  8710 | D:11     | Splashed by an oklob plant's acid

Action                   |  1- 3 |  4- 6 |  7- 9 | 10-12 || total
-------------------------+-------+-------+-------+-------++-------
Melee: Flail             |    97 |   114 |   140 |       ||   351
       Whip              |       |       |   551 |   826 ||  1377
Invok: Sacrifice Love    |       |       |     1 |       ||     1
       Sacrifice Essence |       |       |       |     1 ||     1
       Sacrifice Health  |       |       |       |     1 ||     1
  Use: Potion            |       |       |     1 |     4 ||     5
       Scroll            |       |       |       |    15 ||    15
  Eat: Chunk             |       |     3 |    12 |     4 ||    19
       Fruit             |       |       |       |     3 ||     3
       Beef jerky        |       |       |       |     3 ||     3
       Royal jelly       |       |       |       |     2 ||     2
